Map: Heavy Artillery LE

Players

Massa - Winner!

  • Race: Terran Terran
  • League: Platinum
  • Spawn Location: 7:00

qqq - Winner!

  • Race: Zerg Zerg
  • League: Platinum
  • Spawn Location: 7:00

ragner

  • Race: Terran Terran
  • League: Diamond
  • Spawn Location: 1:00

sirPlayALot

  • Race: Terran Terran
  • League: Master
  • Spawn Location: 3:00

VOD

Have the link to the VOD?

Description

Time

  • Played on: Nov. 20, 2020, 3:35 p.m.
  • Length: 38:58
Show
View Real Time Build Order
Export as new Build Order

Massa Terran - Winner!

Build Orders:  

Get SALT Encoding   

  12  0:00  SCV  
  13  0:12  SCV  
  14  0:24  SCV  
  14  0:25  Supply Depot  
  15  0:29  Refinery  
  15  0:47  SCV, Barracks  
  16  0:59  SCV  
  17  1:11  SCV  
  18  1:23  SCV  
  19  1:32  Supply Depot  
  19  1:34  Supply Depot  
  19  1:35  SCV  
  19  1:38  Barracks Reactor  
  20  1:40  Bunker  
  20  1:47  SCV  
  21  2:09  Command Center  
  21  2:16  Orbital Command  
  21  2:20  Marine  
  22  2:25  Marine  
  23  2:49  Command Center  
  23  2:57  Marine x2  
  25  3:19  Command Center  
  25  3:22  SCV  
  26  3:31  Engineering Bay  
  26  3:32  Marine  
  26  3:33  Marine  
  28  3:41  Orbital Command  
  28  3:46  SCV  
  29  4:00  SCV  
  29  4:02  Marine x2  
  32  4:08  SCV  
  34  4:11  Orbital Command  
  34  4:12  SCV  
  34  4:19  Missile Turret  
  34  4:20  SCV  
  34  4:23  Missile Turret  
  35  4:24  SCV  
  35  4:26  Missile Turret  
  36  4:37  Marine x2  
  38  4:40  Orbital Command  
  38  4:44  Barracks  
  38  4:48  Refinery  
  38  4:49  SCV x2  
  40  4:53  SCV  
  41  5:04  Factory  
  41  5:07  Marine x2  
  43  5:15  SCV x4  
  47  5:25  Marine x2  
  47  5:27  SCV x3  
  47  5:28  SCV  
  53  5:31  Missile Turret  
  53  5:39  Barracks Tech Lab, SCV x2  
  53  5:40  SCV x2  
  57  5:43  Factory  
  57  5:46  Marine  
  57  5:47  Marine  
  57  5:49  Factory Tech Lab  
  55  6:00  Missile Turret  
  55  6:04  Marine x2  
  55  6:05  Missile Turret  
  55  6:07  SCV x4  
  61  6:13  Missile Turret  
  61  6:18  Missile Turret  
  61  6:19  SCV x3  
  63  6:33  Marine  
  63  6:34  Marine  
  63  6:38  Factory Tech Lab  
  63  6:39  Siege Tank  
  68  6:41  Marauder  
  68  6:43  Stimpack  
  70  6:48  Barracks  
  70  6:51  Marine, Supply Depot  
  70  6:53  SCV x2, Barracks  
  73  7:00  Supply Depot  
  73  7:02  SCV x2  
  73  7:03  Marauder  
  73  7:05  SCV  
  73  7:06  SCV  
  79  7:09  Siege Tank  
  79  7:11  Marine  
  79  7:12  Marine  
  79  7:13  Siege Tank  
  79  7:14  Supply Depot  
  87  7:16  Refinery  
  87  7:17  Refinery  
  87  7:24  Marauder  
  87  7:25  Refinery  
  87  7:29  Marine  
  90  7:30  Marine  
  90  7:33  Refinery  
  91  7:39  Supply Depot  
  91  7:40  Starport  
  91  7:42  Starport, Supply Depot  
  91  7:46  Marauder  
  91  7:47  Barracks Reactor, Barracks Tech Lab, Marine  
  91  7:48  Marine  
  91  7:49  Terran Infantry Weapons Level 1  
  95  7:55  Armory  
  95  7:59  Engineering Bay, Missile Turret  
  95  8:05  Marine  
  96  8:06  Cyclone x2  
  96  8:07  Marauder  
  96  8:08  Marauder, Marine  
  107  8:13  Concussive Shells  
  107  8:22  Starport Reactor  
  107  8:23  Marine  
  107  8:24  Starport Tech Lab  
  108  8:28  Marauder  
  108  8:30  SCV x4, Marauder  
  116  8:36  Command Center  
  116  8:42  SCV x2, Command Center  
  118  8:50  Marauder  
  118  8:51  Raven  
  122  8:56  Corvid Reactor  
  122  9:04  SCV x2  
  124  9:10  Supply Depot  
  124  9:12  Supply Depot  
  124  9:14  Supply Depot x2  
  124  9:17  Supply Depot  
  124  9:18  Supply Depot  
  124  9:21  Supply Depot  
  124  9:23  Supply Depot  
  124  9:32  SCV, Medivac x2, Siege Tank  
  124  9:34  SCV, Raven  
  124  9:37  Supply Depot  
  135  9:42  Supply Depot  
  135  10:02  Medivac x2  
  139  10:08  Sensor Tower  
  139  10:13  Factory  
  139  10:16  Factory  
  139  10:17  Barracks, Raven  
  139  10:19  Barracks  
  141  10:28  Missile Turret  
  141  10:29  Terran Infantry Weapons Level 2  
  141  10:30  Terran Infantry Armor Level 1  
  141  10:32  Medivac x2  
  145  10:40  Planetary Fortress  
  146  10:42  SCV  
  146  10:43  SCV x3  
  146  10:47  Missile Turret  
  149  10:55  SCV x4  
  153  11:00  Starport, Raven  
  153  11:01  Factory Tech Lab  
  153  11:02  Factory Tech Lab  
  155  11:07  SCV, Missile Turret  
  156  11:38  Thor  
  156  11:39  Thor x2  
  174  11:45  Starport Tech Lab  
  142  12:35  Marauder  
  142  12:36  Marauder, Marine x5  
  150  12:41  Barracks Tech Lab  
  149  12:45  Raven x2  
  149  12:49  Refinery x2  
  153  12:53  Marine  
  153  12:54  Marine x4  
  153  12:57  Marauder x2  
  162  13:11  Marine  
  162  13:12  Marine x3  
  167  13:18  Marauder x2  
  171  13:23  Marauder  
  171  13:26  Barracks Tech Lab  
  172  13:27  Raven  
  172  13:28  Raven  
  172  13:29  Marine  
  172  13:30  Marine x3  
  180  13:39  Marauder  
  180  13:40  Marauder  
  184  13:44  Marauder  
  184  13:47  Marine x4  
  163  14:01  Marauder x2  
  146  14:26  Thor x2  
  146  14:27  Thor x2  
  146  14:30  SCV x5  
  143  14:51  Marauder x4  
  143  14:52  Marine x4  
  131  14:57  Raven x2  
  131  14:58  Medivac  
  125  15:10  Marine x4  
  125  15:12  Marauder  
  125  15:13  Marauder x3  
  136  15:19  Missile Turret x2  
  136  15:20  Missile Turret  
  119  15:27  Marine  
  119  15:28  Marine x3  
  118  15:34  Marauder x4  
  129  15:40  Raven x2  
  133  15:44  Terran Infantry Armor Level 2, Terran Infantry Weapons Level 3  
  133  15:45  Marine  
  133  15:46  Marine x3  
  137  15:55  Marauder  
  137  15:56  Marauder x3  
  138  16:16  Orbital Command, Marauder  
  138  16:17  Marauder x3, Marine x3, Thor  
  138  16:18  Thor x2  
  167  16:21  Marine  
  168  16:34  Marine x2  
  168  16:35  Marine  
  168  16:38  Marauder x4  
  168  16:39  Marine, Command Center  
  174  16:49  Siege Tank  
  174  16:52  Marine x3  
  180  16:56  Marine  
  180  16:59  Marauder, Marine x3  
  180  17:01  Siege Tank x2  
  182  17:10  Marine x3  
  182  17:14  Marine  
  163  17:17  Marine  
  163  17:18  Marauder x2  
  163  17:20  Raven, Marine  
  165  17:23  Medivac x2  
  165  17:28  Marine x3  
  172  17:32  Marine  
  172  17:34  Refinery  
  172  17:35  Marauder  
  172  17:36  Refinery  
  175  17:38  Marauder, Marine  
  175  17:39  Marauder  
  180  17:46  Marine x3  
  180  17:50  Marine  
  184  17:56  Marine x2  
  186  17:59  Marine  
  186  18:00  Marine  
  186  18:03  Marine  
  186  18:04  Marine x2  
  191  18:12  Raven x2  
  195  18:29  Siege Tank  
  177  19:25  Siege Tank x4  
  189  19:55  Raven x2  
  193  20:06  Terran Infantry Armor Level 3  
  193  20:08  Terran Vehicle And Ship Armor Level 1  
  193  20:15  Viking x2  
  197  20:38  Raven  
  189  22:29  Siege Tank x3  
  198  22:54  Viking  
  99  24:26  Thor  
  88  24:38  Raven  
  85  24:43  SCV  
  80  24:55  SCV  
  63  25:09  Thor  
  69  25:20  Raven  
  51  25:38  Missile Turret  
  51  25:40  Planetary Fortress  
  51  25:51  Thor  
  57  25:57  SCV  
  57  25:58  Missile Turret  
  56  26:09  SCV  
  53  26:21  SCV  
  53  26:23  Orbital Command  
  42  26:30  SCV  
  28  26:33  SCV  
  28  26:37  Thor  
  33  26:43  SCV  
  33  26:45  SCV  
  35  26:48  Barracks  
  35  26:50  Barracks  
  35  26:51  Barracks  
  35  26:56  Barracks x3  
  35  26:57  SCV  
  35  26:58  SCV  
  35  27:09  SCV  
  35  27:10  SCV  
  39  27:21  SCV  
  39  27:22  SCV  
  27  27:34  SCV  
  27  27:36  SCV  
  29  27:42  Factory  
  29  27:43  Barracks x2  
  29  27:46  SCV  
  29  27:48  SCV  
  31  27:56  Factory  
  31  28:00  SCV  
  31  28:05  Barracks Tech Lab  
  32  28:09  Barracks Tech Lab  
  32  28:10  Barracks Tech Lab  
  32  28:11  Barracks Tech Lab  
  32  28:12  SCV  
  33  28:17  Barracks Tech Lab  
  33  28:20  Barracks Tech Lab  
  33  28:24  SCV  
  34  28:31  Marauder x3  
  34  28:32  Marauder  
  42  28:36  Barracks Tech Lab x2  
  42  28:37  Factory Tech Lab  
  42  28:40  Factory  
  42  28:43  Factory Tech Lab  
  42  28:47  Factory  
  42  28:48  Factory  
  35  28:50  Factory  
  35  28:52  Factory  
  35  28:53  Marauder x3  
  27  28:55  Refinery  
  27  28:56  Refinery  
  21  29:12  Command Center  
  21  29:13  Combat Shield  
  21  29:14  Marauder x2  
  25  29:18  Marauder  
  27  29:26  Factory Tech Lab  
  27  29:30  Factory Tech Lab  
  27  29:33  Factory Tech Lab  
  27  29:35  Factory Tech Lab  
  27  29:36  Marauder x2  
  27  29:38  Siege Tank x2  
  33  29:39  Marauder  
  38  29:51  Factory Reactor  
  38  29:52  Widow Mine  
  40  29:54  SCV  
  40  29:57  Marauder x2  
  45  30:01  Marauder  
  45  30:06  SCV  
  48  30:13  Widow Mine x2  
  48  30:14  Widow Mine x2  
  56  30:18  SCV, Marauder  
  56  30:19  Marauder  
  49  30:30  SCV  
  51  30:42  SCV  
  51  30:49  Marauder x3  
  57  31:00  Widow Mine  
  57  31:01  Widow Mine  
  61  31:10  Marauder  
  63  31:28  Widow Mine  
  63  31:29  Widow Mine  
  67  31:50  Marauder x2  
  59  32:15  Starport  
  60  32:37  SCV  
  60  32:46  Widow Mine  
  60  32:47  Widow Mine  
  64  32:54  Medivac  
  66  33:01  Marine x2  
  68  33:12  SCV  
  69  33:17  SCV  
  69  33:19  Marine x2  
  72  33:24  SCV  
  73  33:29  SCV  
  74  33:36  SCV  
  74  33:40  Widow Mine x5  
  85  33:45  Marine  
  86  33:51  SCV  
  57  35:18  Barracks Tech Lab  
  57  35:23  Orbital Command, Factory x2  
  49  36:14  Factory Tech Lab x2  
  25  36:47  Command Center  
  25  37:18  Factory Tech Lab  
  11  38:28  Widow Mine x2  
  11  38:32  Widow Mine  
  17  38:43  Command Center  
Show
View Real Time Build Order
Export as new Build Order

qqq Zerg - Winner!

Build Orders: Hatch First, Lurkers, Swarm Host 

Get SALT Encoding   

  12  0:03  Drone  
  13  0:15  Drone  
  14  0:23  Overlord  
  14  0:45  Hatchery  
  14  0:49  Drone  
  14  0:52  Drone  
  14  0:55  Drone  
  16  1:05  Drone  
  17  1:14  Drone  
  18  1:23  Drone  
  19  1:26  Spawning Pool  
  18  1:48  Drone x2  
  18  1:49  Extractor  
  19  2:05  Drone x2  
  19  2:06  Drone  
  22  2:09  Extractor  
  21  2:16  Drone  
  21  2:20  Queen  
  24  2:31  Drone  
  24  2:32  Drone  
  24  2:33  Queen  
  28  2:39  Overlord  
  28  2:40  Extractor  
  28  2:41  Drone  
  28  2:45  Overlord  
  28  3:02  Drone x2  
  28  3:03  Drone x2  
  32  3:06  Hatchery  
  32  3:09  Drone  
  32  3:12  Lair  
  32  3:13  Drone  
  32  3:16  Drone  
  34  3:37  Spore Crawler  
  34  3:38  Drone x2, Spore Crawler  
  34  3:39  Drone, Spore Crawler, Overlord  
  34  3:41  Drone  
  34  3:44  Drone  
  36  3:50  Drone x2  
  38  4:07  Drone x2  
  38  4:08  Overlord  
  38  4:09  Drone x3  
  43  4:13  Infestation Pit  
  43  4:15  Hydralisk Den  
  41  4:20  Drone  
  41  4:22  Nydus Network  
  41  4:23  Drone  
  42  4:25  Extractor  
  42  4:27  Extractor  
  40  4:36  Overlord  
  40  4:38  Drone x2  
  42  4:40  Pneumatized Carapace  
  42  4:44  Queen  
  44  4:46  Drone  
  44  4:49  Hydralisk x2  
  49  4:57  Evolution Chamber  
  48  5:00  Swarm Host  
  51  5:08  Drone x5  
  56  5:16  Drone x3  
  56  5:18  Drone x2  
  61  5:21  Muscular Augments  
  61  5:25  Zerg Melee Weapons Level 1  
  61  5:29  Overseer  
  61  5:33  Drone x3  
  61  5:34  Drone  
  65  5:39  Overlord x3  
  65  5:42  Overlord  
  65  5:59  Drone x5  
  65  6:00  Drone  
  71  6:07  Overlord  
  71  6:08  Swarm Host x2  
  71  6:09  Hydralisk x2  
  81  6:16  Drone x5  
  86  6:24  Nydus Canal  
  86  6:26  Drone  
  86  6:31  Swarm Host x4  
  99  6:33  Hydralisk  
  101  6:53  Extractor, Grooved Spines  
  100  6:56  Extractor  
  100  6:58  Hatchery  
  100  6:59  Swarm Host  
  100  7:01  Hydralisk  
  101  7:02  Zergling x2  
  101  7:03  Zergling x2  
  105  7:09  Hatchery  
  104  7:18  Hive  
  104  7:19  Zerg Missile Weapons Level 1  
  104  7:25  Evolution Chamber  
  103  7:30  Swarm Host  
  103  7:32  Overlord x4  
  106  7:50  Drone  
  106  7:51  Drone x2, Hydralisk  
  109  7:52  Hydralisk x2  
  115  8:12  Baneling Nest  
  114  8:17  Drone x3  
  114  8:18  Lurker Den  
  116  8:29  Drone x3  
  116  8:32  Queen  
  116  8:33  Drone x2  
  123  8:44  Zerg Melee Weapons Level 2  
  123  8:52  Ultralisk Cavern  
  122  8:57  Nydus Canal  
  122  9:13  Zerg Ground Armor Level 1, Swarm Host x3  
  122  9:14  Hydralisk x8  
  122  9:15  Hydralisk  
  149  9:20  Spine Crawler  
  148  9:25  Spine Crawler  
  143  9:38  Drone x6  
  143  9:39  Drone x3  
  148  9:47  Anabolic Synthesis  
  148  9:50  Overlord  
  148  9:51  Overlord x9  
  148  9:52  Drone  
  149  9:53  Drone  
  150  10:03  Spine Crawler  
  150  10:05  Spine Crawler x2  
  147  10:12  Nydus Canal  
  147  10:24  Lurker x4  
  147  10:25  Lurker x2  
  147  10:26  Seismic Spines  
  153  10:30  Chitinous Plating  
  149  10:55  Ultralisk x2  
  162  10:57  Zergling x20  
  162  10:58  Zergling x6  
  162  11:00  Metabolic Boost  
  174  11:14  Drone  
  174  11:15  Drone x5  
  180  11:23  Extractor, Adaptive Talons  
  180  11:24  Extractor  
  165  11:49  Ultralisk x4  
  186  12:00  Zerg Melee Weapons Level 3  
  182  12:15  Ultralisk  
  180  12:16  Zergling x14  
  167  12:37  Ultralisk  
  167  12:38  Zergling x8  
  147  12:48  Drone x3  
  135  12:56  Ultralisk  
  127  13:06  Hydralisk x2  
  127  13:07  Hydralisk x4  
  127  13:09  Drone  
  120  13:23  Zergling x12  
  120  13:24  Drone x2  
  128  13:29  Spine Crawler  
  128  13:32  Drone, Spine Crawler  
  127  13:34  Spine Crawler, Ultralisk  
  127  13:35  Ultralisk  
  127  13:41  Lurker x3  
  141  13:43  Drone  
  141  13:45  Zergling x6  
  141  13:47  Baneling x2  
  145  13:49  Centrifical Hooks  
  142  14:22  Hydralisk x5  
  142  14:23  Hydralisk  
  154  14:24  Drone x3  
  104  14:47  Zerg Missile Weapons Level 2  
  104  14:48  Zerg Ground Armor Level 2  
  104  14:50  Ultralisk  
  104  14:51  Zergling x6  
  104  14:52  Zergling x2  
  108  15:04  Nydus Canal  
  106  15:11  Lurker x3  
  106  15:12  Lurker x3  
  106  15:13  Hatchery  
  106  15:14  Zergling x10  
  107  15:15  Zergling x2  
  107  15:18  Hatchery  
  106  15:33  Ultralisk  
  112  15:39  Adrenal Glands  
  103  16:04  Ultralisk x2  
  103  16:05  Zergling x4  
  103  16:06  Drone, Zergling x4  
  103  16:07  Drone x2  
  116  16:12  Extractor  
  116  16:14  Extractor  
  108  16:53  Ultralisk x3  
  118  16:54  Zergling x6  
  118  16:55  Drone x6  
  126  17:21  Zergling x4  
  126  17:22  Zergling x4  
  122  17:23  Spine Crawler x2, Baneling  
  122  17:24  Baneling x3  
  122  17:29  Drone x5  
  125  17:33  Hydralisk  
  125  17:34  Hydralisk  
  125  17:35  Drone  
  127  18:00  Hydralisk x5  
  127  18:01  Hydralisk  
  127  18:02  Drone x6  
  145  18:06  Hatchery  
  145  18:11  Hatchery, Extractor  
  145  18:12  Extractor  
  132  18:21  Hydralisk x2  
  132  18:25  Drone x2, Lurker x2  
  132  18:26  Drone x2  
  142  18:33  Zerg Missile Weapons Level 3, Zerg Ground Armor Level 3  
  142  18:39  Lurker x3  
  142  18:40  Hydralisk x5  
  155  18:42  Drone x2  
  139  19:18  Hydralisk  
  139  19:19  Hydralisk x2, Ultralisk x2  
  139  19:20  Zergling x4  
  139  19:21  Zergling x10  
  149  19:27  Baneling x2  
  149  19:28  Baneling x2  
  148  19:50  Hydralisk x5  
  158  20:01  Lurker  
  158  20:03  Drone x2, Hatchery  
  157  20:20  Nydus Canal  
  157  20:26  Hatchery  
  156  21:01  Baneling x6  
  156  21:03  Baneling x4  
  156  21:08  Baneling  
  156  21:09  Baneling x4  
  156  21:22  Drone  
  150  21:41  Nydus Canal  
  145  22:03  Nydus Canal  
  145  22:05  Ultralisk  
  145  22:06  Ultralisk x2  
  145  22:07  Zergling x12  
  145  22:08  Zergling x6  
  172  22:17  Lurker x2  
  172  22:18  Lurker  
  174  22:38  Drone x6  
  171  22:55  Ultralisk x2  
  172  23:15  Ultralisk  
  172  23:16  Zergling x2  
  172  23:17  Zergling x18  
  172  23:18  Drone x6  
  175  23:23  Extractor  
  130  23:44  Ultralisk  
  130  23:45  Ultralisk  
  130  23:46  Zergling x4  
  130  23:47  Zergling x4  
  124  24:11  Drone x2, Spawning Pool  
  124  24:12  Drone x4  
  129  24:23  Drone x2  
  130  24:29  Extractor  
  130  24:30  Extractor  
  119  24:56  Drone x3  
  119  24:59  Lair  
  120  25:40  Zergling x2  
  120  25:41  Drone, Zergling x10  
  120  25:42  Drone x5  
  127  26:13  Drone x2  
  122  26:30  Drone  
  122  26:31  Drone  
  102  26:34  Drone  
  102  26:35  Drone x2, Spore Crawler  
  102  26:37  Spore Crawler  
  102  26:40  Infestation Pit  
  102  26:42  Hydralisk Den  
  100  26:59  Hatchery  
  100  27:00  Hatchery, Zergling x10  
  103  27:03  Drone x6  
  109  27:15  Spine Crawler x3  
  106  27:21  Zergling x10  
  107  27:30  Hydralisk x4  
  107  27:33  Hive  
  107  27:36  Hydralisk x2  
  107  27:37  Hydralisk  
  115  27:39  Hydralisk  
  121  27:46  Spore Crawler  
  121  27:47  Spore Crawler  
  121  27:48  Spore Crawler  
  121  27:50  Spine Crawler  
  116  27:52  Spine Crawler  
  104  28:12  Hydralisk  
  99  28:13  Hydralisk x6  
  99  28:14  Hydralisk x2  
  120  28:22  Roach Warren  
  120  28:25  Hydralisk x8  
  120  28:26  Hydralisk  
  124  28:35  Hydralisk x3  
  124  28:36  Lurker Den  
  121  28:57  Lair  
  117  29:03  Hatchery  
  117  29:06  Hatchery  
  115  29:29  Lurker Den  
  115  29:31  Drone x3  
  109  29:34  Ultralisk Cavern  
  98  29:45  Lurker  
  97  29:46  Lurker x16  
  97  29:48  Hydralisk x3  
  97  29:50  Drone  
  104  30:20  Drone  
  104  30:21  Drone x2  
  90  30:22  Drone  
  88  30:35  Spawning Pool  
  61  31:39  Lair  
  9  32:40  Hydralisk Den  
  8  33:03  Nydus Network  
  7  33:21  Hydralisk x3  
  13  33:27  Lurker Den  
  13  33:33  Hydralisk  
  14  33:42  Hydralisk x2  
  17  34:27  Lurker x2  
  18  34:31  Hydralisk  
  20  34:54  Nydus Canal  
  11  35:26  Hatchery  
  10  36:52  Drone  
  10  36:53  Drone  
  12  37:29  Drone x3  
  15  37:30  Queen  
  13  38:06  Queen  
  15  38:14  Drone x6  
  15  38:18  Extractor  
  20  38:24  Drone x3, Extractor  
  22  38:38  Drone  
Show
View Real Time Build Order
Export as new Build Order

ragner Terran 

Build Orders:  

Get SALT Encoding   

  12  0:01  SCV  
  13  0:13  SCV  
  14  0:18  Supply Depot  
  14  0:25  SCV  
  14  0:28  Refinery  
  15  0:39  SCV  
  16  0:45  Barracks  
  16  0:51  SCV  
  16  0:55  Refinery  
  17  1:04  SCV  
  18  1:18  SCV  
  19  1:34  SCV  
  20  1:44  Marine, Supply Depot  
  20  1:47  Orbital Command  
  21  1:52  Factory  
  21  2:03  Marine  
  22  2:14  SCV  
  23  2:23  Marine  
  23  2:26  Supply Depot  
  23  2:27  SCV  
  25  2:40  SCV  
  25  2:42  Factory Tech Lab  
  25  2:44  Marine  
  26  2:45  Starport  
  27  2:52  SCV  
  28  3:00  Supply Depot  
  28  3:02  Barracks Tech Lab  
  28  3:04  Siege Tank  
  31  3:09  SCV  
  32  3:23  Viking  
  32  3:26  Barracks  
  34  3:27  Barracks  
  34  3:28  Marine  
  34  3:33  Stimpack  
  35  3:42  SCV  
  35  3:47  Siege Tank  
  39  3:51  Marine  
  39  3:54  SCV  
  41  4:06  SCV  
  41  4:08  Liberator  
  45  4:18  Barracks Reactor x2  
  45  4:21  Marine  
  46  4:25  Engineering Bay  
  46  4:44  Marine  
  47  4:55  Command Center  
  47  5:06  Missile Turret  
  47  5:13  Terran Infantry Weapons Level 1, Combat Shield  
  47  5:28  Supply Depot  
  47  5:49  SCV, Marine x4  
  54  5:50  Medivac, Supply Depot  
  54  5:52  Marine  
  55  6:07  Marine x2, Siege Tank  
  55  6:10  Marine x3  
  63  6:25  Marine x2  
  65  6:28  Marine x2  
  65  6:30  Medivac  
  66  6:39  Widow Mine, Orbital Command  
  68  6:42  Marine  
  69  6:47  Marine x4  
  73  7:00  Marine  
  74  7:02  Medivac  
  74  7:04  Missile Turret  
  74  7:05  Marine x2  
  78  7:25  Refinery  
  78  7:40  Supply Depot  
  78  7:48  Orbital Command  
  78  7:49  Command Center  
  78  8:01  Marine x5  
  83  8:08  Siege Tank  
  86  8:30  Refinery  
  86  8:53  Missile Turret  
  86  8:55  Command Center  
  86  8:58  Terran Infantry Armor Level 1  
  86  8:59  SCV x2, Marine x5  
  93  9:06  Supply Depot  
  93  9:08  Supply Depot  
  93  9:12  SCV x2  
  93  9:16  Missile Turret  
  95  9:20  Marine x5  
  100  9:32  Supply Depot  
  100  9:38  Orbital Command, Marine x2  
  102  9:41  SCV x2  
  104  9:46  Starport Reactor  
  104  9:49  Marine x3  
  107  9:53  SCV  
  107  9:54  SCV  
  107  9:56  Marine x2  
  111  10:05  SCV  
  111  10:06  SCV, Marine  
  111  10:07  Marine x2  
  116  10:14  Marine x2  
  116  10:19  Orbital Command  
  113  10:46  Marine  
  113  10:47  Marine x4  
  113  10:49  Liberator x2, Siege Tank  
  127  11:04  Marine x2  
  127  11:05  Marine x3  
  127  11:10  SCV x4  
  136  11:21  Siege Tank  
  136  11:22  SCV x4, Marine  
  144  11:34  SCV x2  
  144  11:38  Marine x2  
  148  11:45  Marine x3, Medivac x2  
  155  11:47  Planetary Fortress  
  155  11:52  Refinery, Missile Turret  
  155  11:53  Refinery  
  155  11:55  SCV  
  156  12:13  SCV, Marine, Missile Turret  
  156  12:15  Marine x2  
  156  12:16  Marine, Missile Turret  
  156  12:17  Missile Turret, Medivac  
  156  12:19  Marine, Medivac  
  156  12:20  SCV  
  156  12:21  Siege Tank  
  153  12:26  Supply Depot  
  153  12:27  Supply Depot  
  149  12:31  Marine  
  149  12:32  Marine x2  
  149  12:34  Marine  
  153  12:37  Marine  
  153  12:49  Marine  
  153  12:50  Marine x2, Supply Depot  
  155  12:52  Marine  
  155  12:53  Siege Tank  
  155  12:55  Marine  
  156  13:01  Liberator x2  
  161  13:06  Marine  
  161  13:08  Marine x2  
  161  13:10  Marine  
  165  13:13  Marine  
  153  13:24  Marine  
  153  13:26  Marine x2  
  151  13:28  Marine  
  151  13:30  Marine  
  151  13:31  SCV x2  
  151  13:32  SCV x2  
  157  13:40  Siege Tank  
  157  13:42  Marine  
  157  13:43  SCV  
  157  13:44  SCV x3, Marine x2  
  157  13:45  Marine  
  156  13:48  Marine  
  128  14:00  Marine  
  128  14:02  Marine  
  104  14:12  Marine x2  
  104  14:13  Marine  
  104  14:14  Orbital Command, Medivac, Siege Tank  
  104  14:15  Medivac  
  111  14:18  Marine  
  111  14:19  Marine  
  106  14:26  Barracks x2  
  106  14:30  Marine x3  
  109  14:32  Barracks x2  
  109  14:35  Armory  
  109  14:36  Marine, Engineering Bay  
  109  14:37  Marine  
  111  14:44  Medivac x2  
  115  14:46  Siege Tank  
  115  14:48  Marine x3  
  121  14:54  Marine  
  121  14:55  Marine  
  121  14:59  Missile Turret x2  
  123  15:06  Marine x3  
  126  15:12  Marine  
  126  15:13  Marine  
  128  15:24  Marine x3  
  131  15:29  Marine  
  131  15:31  Marine  
  131  15:32  Marine x3  
  131  15:33  Marine  
  140  15:35  Siege Tank  
  140  15:41  Marine  
  140  15:42  Marine x2  
  139  15:47  Marine  
  139  15:48  Marine  
  134  15:50  Marine x4  
  131  15:59  Marine x2  
  128  16:05  Marine x2  
  128  16:06  Marine  
  128  16:08  Marine x4  
  128  16:09  Liberator x2  
  138  16:17  Marine x2  
  140  16:23  Marine x2  
  140  16:24  Marine  
  143  16:26  Marine x4  
  147  16:35  Marine  
  148  16:42  Missile Turret  
  148  16:56  Command Center  
  148  17:00  Barracks Reactor  
  148  17:01  Barracks Reactor, Barracks Tech Lab x2  
  148  17:04  SCV x2  
  148  17:05  Starport, SCV  
  151  17:16  SCV  
  152  17:29  Terran Infantry Weapons Level 2  
  152  17:31  Refinery  
  152  17:33  Liberator x2  
  152  17:34  Refinery  
  154  17:50  Marine x7  
  154  17:51  Marine x2  
  151  17:54  Marauder x2  
  156  18:01  Starport  
  153  18:09  Marauder  
  153  18:10  Missile Turret  
  153  18:11  Starport  
  142  18:15  Marauder  
  142  18:16  Liberator  
  143  18:30  Marine x5, Missile Turret  
  143  18:31  Marine x5  
  143  18:32  Liberator  
  156  18:36  Marine  
  157  18:41  Planetary Fortress  
  157  18:58  Liberator  
  157  19:14  Marine x5  
  157  19:15  Marauder x3  
  163  19:17  Medivac  
  165  19:36  Marauder x2  
  165  19:37  Starport Tech Lab  
  169  19:41  SCV x3, Missile Turret  
  169  19:45  Terran Infantry Armor Level 2  
  165  19:53  SCV x3  
  168  20:00  Missile Turret  
  168  20:04  Concussive Shells  
  168  20:05  SCV x3, Marauder x3, Marine x5  
  168  20:06  Marine x3  
  185  20:17  SCV x3  
  188  20:23  Marine x3  
  188  20:26  Marauder x2  
  195  20:55  Marine  
  196  21:21  Marine x4  
  196  21:22  Terran Infantry Weapons Level 3, Armory  
  200  21:26  Marine  
  200  21:27  Liberator x2, Marine x3  
  200  21:28  Marauder x2  
  197  21:34  Marauder  
  197  21:38  Marine x2  
  186  21:45  Marine  
  187  21:49  Marauder, Marine  
  187  21:50  Marauder, Marine x4  
  196  21:56  Marine  
  197  22:03  Marine  
  197  22:05  Marauder, Marine  
  197  22:07  Marine  
  197  22:23  Marine  
  197  22:29  Marine  
  181  22:37  Marauder  
  181  22:38  Liberator  
  181  22:42  Marine  
  182  22:45  Marine x2  
  182  22:52  Liberator  
  180  22:59  Marauder  
  179  23:10  Marine x4  
  167  23:20  Marauder  
  167  23:21  Liberator  
  144  23:27  Marine x2  
  144  23:29  Marine  
  127  23:41  Marauder  
  120  24:03  Marauder  
  59  24:40  Marine x2  
  59  24:41  Marauder, Marine x2  
  59  24:42  Medivac x2, Siege Tank  
  72  24:58  Marine x3  
  72  24:59  Marine  
  76  25:02  Marauder  
  78  25:12  Medivac  
  78  25:14  Siege Tank  
  78  25:16  Marine x4  
  69  25:23  Marine  
  56  25:34  Marine x4  
  56  25:41  Marine  
  57  25:46  Siege Tank  
  60  25:52  Marine x2  
  59  26:18  Siege Tank  
  59  26:20  Marine x3  
  59  26:21  Marine x2  
  59  26:22  Medivac  
  59  26:23  Medivac  
  71  26:38  Marine x4  
  71  26:39  Marine  
  76  26:52  Medivac x2  
  76  26:56  Marine x5  
  75  27:14  Marine x2  
  77  27:22  Medivac  
  63  27:46  Orbital Command  
  35  28:13  Marine  
  36  29:01  SCV  
  37  29:13  SCV  
  38  29:25  SCV  
  39  29:37  SCV  
  40  29:41  Marine x5  
  40  29:43  Refinery x2  
  45  29:49  SCV  
  46  29:59  Marine x3  
  49  30:22  Medivac  
  49  30:23  Marine x2  
  53  30:49  Orbital Command  
  42  31:02  Missile Turret  
  20  32:38  SCV  
  20  32:42  Orbital Command  
  21  32:50  SCV  
  22  33:40  SCV  
  23  33:52  SCV  
  23  34:05  SCV  
  23  34:17  SCV  
Show
View Real Time Build Order
Export as new Build Order

sirPlayALot Terran 

Build Orders: 2 Factory, Mech 

Get SALT Encoding   

  12  0:00  SCV  
  13  0:13  SCV  
  14  0:17  Supply Depot  
  14  0:25  SCV  
  15  0:29  Refinery  
  15  0:39  SCV  
  16  0:46  Barracks  
  16  0:51  SCV  
  17  1:03  SCV  
  18  1:05  Refinery  
  18  1:15  SCV  
  19  1:27  SCV  
  20  1:33  Marine  
  20  1:34  Factory  
  21  1:40  Orbital Command  
  21  1:49  Supply Depot  
  21  1:51  Marine  
  22  2:05  SCV  
  23  2:11  Marine  
  24  2:17  Supply Depot  
  24  2:20  SCV  
  25  2:27  Factory Tech Lab  
  25  2:32  SCV  
  26  2:44  SCV  
  26  2:46  Siege Tank  
  26  2:50  Command Center  
  30  2:56  SCV  
  31  3:00  Barracks Tech Lab  
  31  3:05  Armory  
  31  3:08  SCV  
  32  3:20  SCV  
  32  3:25  Factory  
  33  3:29  Engineering Bay  
  33  3:35  SCV  
  34  3:47  SCV  
  38  3:48  Siege Tank  
  38  3:52  Refinery x2  
  38  3:59  SCV  
  39  4:05  Orbital Command  
  39  4:18  SCV  
  39  4:21  Terran Vehicle And Ship Armor Level 1  
  40  4:30  SCV, Thor  
  47  4:35  SCV  
  48  4:40  Supply Depot  
  48  4:43  SCV  
  49  4:47  SCV, Supply Depot  
  49  4:51  Missile Turret  
  50  4:54  Missile Turret  
  50  4:55  SCV  
  50  4:59  SCV  
  52  5:07  SCV  
  52  5:10  Supply Depot  
  52  5:11  SCV  
  54  5:17  Thor  
  54  5:19  SCV  
  61  5:23  SCV  
  62  5:31  SCV  
  62  5:34  Supply Depot  
  63  5:35  SCV  
  63  5:36  Siege Tank  
  67  5:43  SCV  
  67  5:46  Armory  
  67  5:48  SCV  
  69  5:52  Smart Servos  
  69  5:55  SCV  
  70  5:57  Supply Depot  
  70  6:00  SCV  
  71  6:07  SCV  
  72  6:12  SCV  
  73  6:19  SCV  
  73  6:24  SCV  
  75  6:26  Thor  
  75  6:27  Siege Tank  
  75  6:31  SCV  
  85  6:33  Command Center  
  85  6:35  Supply Depot  
  85  6:36  SCV  
  85  6:38  Supply Depot  
  85  6:39  Terran Vehicle Weapons Level 1  
  86  6:44  SCV  
  87  6:48  SCV  
  87  6:51  Supply Depot  
  88  6:56  SCV  
  88  7:00  SCV, Factory  
  90  7:04  Factory  
  90  7:05  Missile Turret  
  90  7:06  Neosteel Armor, Missile Turret  
  90  7:08  SCV  
  91  7:12  SCV  
  92  7:20  SCV  
  93  7:24  SCV  
  94  7:32  SCV  
  94  7:36  SCV  
  96  7:37  Siege Tank x2  
  102  7:44  Refinery, SCV  
  102  7:45  Refinery  
  102  7:46  Supply Depot x2  
  102  7:47  Supply Depot  
  102  7:49  SCV  
  104  7:54  Orbital Command  
  104  7:56  SCV  
  105  8:00  Terran Vehicle And Ship Armor Level 2, Command Center  
  105  8:01  SCV  
  106  8:08  Factory Tech Lab, SCV  
  106  8:09  Factory Tech Lab  
  107  8:13  SCV  
  107  8:19  SCV  
  109  8:20  SCV  
  109  8:25  SCV  
  109  8:26  Thor x2  
  123  8:27  Thor  
  123  8:30  Thor  
  123  8:31  SCV  
  123  8:32  SCV  
  137  8:37  SCV  
  137  8:40  Factory x2  
  138  8:43  SCV  
  138  8:45  SCV  
  138  8:46  Hi-Sec Auto Tracking  
  140  8:49  SCV  
  140  8:50  Missile Turret  
  140  8:53  Supply Depot  
  140  8:54  Terran Vehicle Weapons Level 2, Supply Depot  
  141  9:09  Thor x2  
  153  9:18  SCV x2  
  153  9:19  SCV  
  156  9:30  SCV  
  150  9:32  Refinery  
  150  9:35  Refinery  
  150  9:38  Planetary Fortress  
  150  9:42  Thor  
  150  9:43  Thor  
  150  9:44  Missile Turret x2  
  162  9:45  Factory Tech Lab  
  162  9:46  Factory Tech Lab  
  162  9:52  Thor  
  168  9:53  SCV x3  
  171  10:05  SCV x3  
  174  10:17  SCV  
  174  10:20  Supply Depot  
  175  10:21  Supply Depot  
  175  10:22  Terran Vehicle And Ship Armor Level 3  
  175  10:23  Supply Depot  
  175  10:27  Thor x2  
  187  10:38  Missile Turret  
  187  10:40  Missile Turret  
  187  10:41  Thor  
  193  10:44  Thor  
  197  11:39  Missile Turret  
  197  11:52  Command Center  
  185  11:58  Command Center  
  172  12:23  Thor  
  172  12:24  Thor x4  
  190  12:37  Terran Vehicle Weapons Level 3  
  165  12:40  Thor  
  167  12:57  SCV x2  
  163  12:59  Factory  
  163  13:01  Factory  
  163  13:03  SCV  
  164  13:06  Thor x3  
  164  13:07  Missile Turret  
  182  13:15  SCV  
  183  13:20  SCV x2  
  183  13:26  Siege Tank  
  183  13:27  Siege Tank x2  
  194  13:49  Siege Tank  
  197  14:03  Missile Turret  
  197  14:04  Planetary Fortress  
  197  14:06  Missile Turret  
  197  14:07  Planetary Fortress  
  197  14:15  Factory Tech Lab x2  
  197  14:26  Refinery  
  197  14:28  Refinery  
  197  14:33  Thor  
  173  14:43  Thor x7  
  185  15:16  Thor  
  191  15:25  Thor  
  191  15:27  SCV x2  
  191  15:28  SCV, Missile Turret  
  194  16:01  Refinery  
  194  16:03  Refinery, Thor  
  188  16:41  Thor x2  
  185  17:36  Missile Turret  
  176  17:44  Siege Tank x5  
  176  17:45  Siege Tank  
  176  17:46  Siege Tank  
  176  17:47  Thor  
  176  18:29  SCV x4  
  180  18:41  SCV x3  
  156  19:15  Thor x6  
  156  19:16  Thor x2  
  183  19:29  Factory  
  183  20:12  Thor x2  
  195  20:52  Factory Tech Lab  
  195  21:10  Thor  
  139  22:53  Thor x4  
  139  22:54  Thor x4  
  135  23:36  Thor  
  135  23:39  Command Center  
  141  23:49  Factory Tech Lab  
  141  23:51  Siege Tank x6  
  159  24:19  Siege Tank  
  159  24:23  Siege Tank  
  165  25:09  Thor x5  
  195  25:18  Missile Turret  
  195  25:22  Missile Turret  
  195  26:19  Missile Turret  
  182  27:41  Missile Turret  
  181  27:46  Planetary Fortress  
  178  28:34  Thor  
  178  28:35  Thor x2  
  196  29:03  Missile Turret  
  196  29:20  Missile Turret  
  190  29:56  Siege Tank  
  190  29:57  Siege Tank x2  
  179  30:28  Supply Depot  
  179  30:29  Supply Depot  
  169  30:50  Siege Tank x4  
  181  31:22  Siege Tank x4  
  193  31:30  Missile Turret  
  192  31:36  Missile Turret  
  168  32:29  Missile Turret  
  83  35:18  Siege Tank  
  83  35:20  Siege Tank  
  93  35:21  Hellion x3  
  93  35:22  Hellion  
  95  35:43  Hellion  
Tags
 
Add a new tag
Caveats
  • Supply blocks, unpowered buildings, or Contaminate may cause inaccurate times.
  • Supply counts are checked every 10 seconds.